 Dungeon Crawl Stone Soup version 0.29-a0-810-g3812dd5c9c (webtiles) character file.

Game seed: 17062605154406571071

202 Bnni the Shield-Bearer (level 5, -3/42 HPs)
             Began as a Demonspawn Fighter on July 4, 2022.
             Killed by divine providence
             ... invoked by an orc priest
              (7 damage)
             ... on level 3 of the Dungeon.
             The game lasted 00:03:38 (2157 turns).

Bnni the Shield-Bearer (Demonspawn Fighter)         Turns: 2157, Time: 00:03:40

Health: -3/42      AC: 26    Str: 16    XL:     5   Next: 50%
Magic:  5/5        EV:  6    Int: 10    God:
Gold:   102        SH:  5    Dex: 14    Spells: 4/4 levels left

rFire   . . .      SeeInvis .   l - +2 dagger (venom)
rCold   . . .      Faith    .   c - +0 buckler
rNeg    . . .      Spirit   .   i - +18 Lear's hauberk
rPois   .          Reflect  .   (helmet currently unavailable)
rElec   .          Harm     .   (no cloak)
rCorr   .          Rampage  .   (gloves currently unavailable)
Will    .....                   (boots currently unavailable)
Stlth   ..........              (no amulet)
HPRegen 0.14/turn               (no ring)
MPRegen 0.09/turn               (no ring)

@: no status effects
A: antennae 1, claws 2, powered by pain 1
a: no special abilities


You were on level 3 of the Dungeon.
You visited 1 branch of the dungeon, and saw 3 of its levels.

You collected 102 gold pieces.

Inventory:

Hand Weapons
 a - a +0 long sword
 l - a +2 dagger of venom (weapon)
Missiles
 b - 2 poisoned darts (quivered)
Armour
 c - a +0 buckler (worn)
 i - the +18 Lear's hauberk (worn)
   (You found it on level 2 of the Dungeon)
Scrolls
 e - 2 scrolls of teleportation {unknown}
 g - a scroll of vulnerability {unknown}
 j - a scroll of poison {unknown}
Potions
 d - 2 potions of might
 f - a potion of heal wounds
 h - a potion of flight {unknown}
 k - a potion of lignification {unknown}


   Skills:
 + Level 3.9 Fighting
 * Level 3.7 Long Blades
 - Level 2.6 Armour
 - Level 4.0 Shields


You had 4 spell levels left.
You didn't know any spells.
Your spell library contained the following spells:

 Spells                   Type           Power      Damage    Failure   Level
 Dazzling Flash           Conj/Hex       0%         N/A       100%        3
 Iskenderun's Mystic Bla  Conj/Tloc      0%         2d3       100%        4
 Conjure Ball Lightning   Conj/Air       0%         3x3d6     100%        6
 Starburst                Conj/Fire      0%         6d3       100%        6
 Discord                  Hex            0%         N/A       100%        8
 Disjunction              Tloc           0%         N/A       100%        8


Dungeon Overview and Level Annotations

Branches:
Dungeon (3/15)

Altars:
Nemelex Xobeh

Shops:
D:1 *   D:2 (


Innate Abilities, Weirdness & Mutations

You have a pair of small antennae on your head.
You have very sharp fingernails.
You sometimes gain a little power by taking damage.


Message History

The orc hits you with a +4 flail!
You hit the orc.
The orc is heavily wounded.
The goblin hits you but does no damage. The orc hits you with a +4 flail!
There are monsters nearby!
Things that are here:
a +0 spear; a gnoll corpse You hit the goblin.
The goblin is poisoned.
The goblin is moderately wounded.
The goblin hits you but does no damage.
You barely miss the goblin.
The goblin is moderately wounded.
The goblin hits you but does no damage.
You hit the goblin but do no damage.
The goblin looks as sick as possible!
The goblin is moderately wounded.
You kill the goblin!
The orc hits you with a +4 flail!
* * * LOW HITPOINT WARNING * * *
The orc priest barely misses you.
Items here: )))) †.
You hit the orc priest.
The orc priest is lightly wounded.
The orc hits you but does no damage. The orc priest barely misses you.
You hit the orc priest.
The orc priest is poisoned.
The orc priest is lightly wounded.
The orc hits you with a +4 flail.
* * * LOW HITPOINT WARNING * * *
The orc priest hits you with a +0 club.
* * * LOW HITPOINT WARNING * * *
You barely miss the orc priest.
The orc priest is lightly wounded.
The orc hits you but does no damage.
The orc priest hits you but does no damage.
You hit the orc priest.
The orc priest looks as sick as possible!
The orc priest is moderately wounded.
The orc hits you but does no damage.
The orc priest calls down the wrath of Beogh upon you.
Beogh smites you!
You die...

....... #.###.......
#.#<#....... ##
#.#.#....... ...
#.#.#.#..... ....
#.#.#.#.#... .....
#.#.#.._..##
......#######...#.#.####
.....oo@).$.............
.....So#######....######
.....wS #.#### .###'##
#.# #. #.# . ... . #.#
.. ...


You could see an orc priest (extremely poisoned), an adder, a dart slug, 2 orcs
and a ball python.

Vanquished Creatures
  A scorpion (D:2)
  Terence (D:2)
  4 gnolls (D:3)
  2 adders (D:2)
  2 worms (D:2)
  A dart slug (D:1)
  An orc (D:3)
  4 ball pythons
  5 endoplasms (D:1)
  2 giant cockroaches (D:1)
  7 goblins
  3 hobgoblins
  3 quokkas (D:1)
  6 bats
  2 frilled lizards
  3 kobolds
  5 rats
52 creatures vanquished.

Notes
Turn   | Place    | Note
-------+----------+-------------------------------------------
     0 | D:1      | Bnni the Demonspawn Fighter began the quest for the Orb.
     0 | D:1      | Reached XP level 1. HP: 18/18 MP: 1/1
   146 | D:1      | Found Otael's Assorted Antiques.
   161 | D:1      | Discovered your monstrous ancestry.
   161 | D:1      | Gained mutation: You have sharp fingernails. [demonic
                  | ancestry]
   161 | D:1      | Reached XP level 2. HP: 20/24 MP: 2/2
   261 | D:1      | Reached skill level 3 in Shields
   654 | D:1      | Gained mutation: You sometimes gain a little power by
                  | taking damage. [demonic ancestry]
   654 | D:1      | Reached XP level 3. HP: 28/29 MP: 3/3
  1284 | D:2      | Found the +18 Lear's hauberk
  1285 | D:2      | Noticed a scorpion
  1299 | D:2      | HP: 1/29 [rat (3)]
  1301 | D:2      | Killed a scorpion
  1302 | D:2      | Gained mutation: You have very sharp fingernails. [demonic
                  | ancestry]
  1302 | D:2      | Reached XP level 4. HP: 31/36 MP: 4/4
  1671 | D:2      | Found Bumibbim's Antique Weapon Shoppe.
  1671 | D:2      | Noticed Terence
  1692 | D:2      | Killed Terence
  1693 | D:2      | Gained mutation: You have a pair of small antennae on your
                  | head. [demonic ancestry]
  1693 | D:2      | Reached XP level 5. HP: 42/42 MP: 5/5
  2016 | D:3      | Found a sparkling altar of Nemelex Xobeh.
  2119 | D:3      | Reached skill level 4 in Shields
  2157 | D:3      | Killed from afar by an orc priest

Illustrated notes

Levels and vault maps discovered:
D:1:      amcnicky_arrival_single_pillar, layout_loops_ring, serial_shops,
          nicolae_shop_crystal
D:2:      layout_loops_ring, serial_shops, nicolae_shop_advertising_works
          [nicolae_subvault_shop_adworks], minmay_distorted, uniq_terence
D:3:      layout_basic, lemuel_crystal_altar, corexii_hall_statues_i

Skill      XL: |  1  2  3  4  5 |
---------------+----------------+-----
Long Blades    | 2 3 |  3.7
Shields        | 3 4 |  4.0
Fighting       | |  3.9
Armour         | |  2.6

Action                   |  1- 3 |  4- 6 || total
-------------------------+-------+-------++-------
Melee: Long sword        |   129 |    38 ||   167
       Dagger            |       |    45 ||    45
  Use: Potion            |     1 |       ||     1
Armor: Scale mail        |    81 |       ||    81
       Chain mail        |       |    58 ||    58
Dodge: Dodged            |    81 |    26 ||   107
Block: Buckler           |    39 |    20 ||    59

Table legend: (Time is in decaauts)
 A = Elapsed time spent in this place.
 B = Non-inter-level travel time spent in this place.
 C = Inter-level travel time spent in this place.
 D = Time resting spent in this place.
 E = Time spent auto-exploring this place.
 F = Levels seen in this place.
 G = Mean time per level.
                   A        B        C        D        E       F      G
               +--------+--------+--------+--------+--------+-----+--------+
         Total |   2206 |   2156 |     50 |      0 |   1734 |   3 |  735.3 |
       Dungeon |   2206 |   2156 |     50 |      0 |   1734 |   3 |  735.3 |
               +--------+--------+--------+--------+--------+-----+--------+

Top non-repeatable levels by time:
     D:1: 1094 daAuts
     D:2: 973 daAuts
     D:3: 138 daAuts
